 Dungeon Crawl Stone Soup version 0.29-a0-813-g4a14ea37d6 (webtiles) character file.

Game seed: 15882252922344137267

1311 gobodom the Grave Robber (level 8, 0/54 HPs)
             Began as a Demonspawn Necromancer on July 4, 2022.
             Succumbed to a water moccasin's poison
             ... on level 6 of the Dungeon.
             The game lasted 00:25:00 (7104 turns).

gobodom the Grave Robber (Demonspawn Necromancer)   Turns: 7104, Time: 00:25:01

Health: 0/54       AC:  2    Str: 11    XL:     8   Next: 32%
Magic:  1/16       EV: 15    Int: 16    God:
Gold:   227        SH:  5    Dex: 14    Spells: 8/17 levels left

rFire   + . .      SeeInvis .   m - staff of fire
rCold   . . .      Faith    .   (no shield)
rNeg    . . .      Spirit   .   a - +0 robe
rPois   .          Reflect  +   (helmet restricted)
rElec   .          Harm     .   (no cloak)
rCorr   .          Rampage  .   (no gloves)
Will    .....                   (no boots)
Stlth   ++........              c - amulet of reflection
HPRegen 0.18/turn               q - ring of wizardry
MPRegen 0.15/turn               (no ring)

@: lethally poisoned (0 -> -3), animating dead (expiring)
A: antennae 1, repulsion field 1, powered by pain 2
a: no special abilities


You were on level 6 of the Dungeon.
You visited 1 branch of the dungeon, and saw 6 of its levels.
You also visited: Sewer.

You collected 227 gold pieces.

Inventory:

Hand Weapons
 r - a +2 dagger of venom
 s - a +1 mace of protection
 v - a +2 whip of flaming
Missiles
 f - 3 javelins
 i - 6 poisoned darts
 u - 5 curare-tipped darts
Armour
 a - a +0 robe (worn)
 d - a scarf of harm
Magical Staves
 m - a staff of fire (weapon)
Jewellery
 c - an amulet of reflection (around neck)
 l - a ring of fire
 q - a ring of wizardry (left hand)
Scrolls
 g - 3 scrolls of fear {unknown}
 j - a scroll of enchant weapon {unknown}
 n - 2 scrolls of noise {unknown}
 o - 2 scrolls of poison {unknown}
 t - 2 scrolls of fog
 x - 3 scrolls of teleportation {unknown}
 y - a scroll of amnesia {unknown}
Potions
 b - 2 potions of magic
 e - 3 potions of resistance {unknown}
 h - 3 potions of curing {unknown}
 k - 4 potions of heal wounds
 p - a potion of haste
 w - a potion of flight {unknown}
 z - a potion of cancellation {unknown}
 A - a potion of attraction {unknown}


   Skills:
 + Level 1.4 Fighting
 + Level 2.9 Staves
 + Level 3.1 Dodging
 + Level 2.9 Stealth
 + Level 1.6 Shields
 + Level 0.2 Unarmed Combat
 + Level 5.4 Spellcasting
 + Level 0.1 Conjurations
 + Level 7.2 Necromancy
 + Level 1.3 Fire Magic
 * Level 2.0 Evocations


You had 8 spell levels left.
You knew the following spells:

 Your Spells              Type           Power      Damage    Failure   Level
a - Necrotise             Necr           100%       1d9       1%          1
b - Vampiric Draining     Necr           27%        2d7       1%          3
c - Animate Dead          Necr           27%        N/A       3%          4
d - Magic Dart            Conj           16%        1d3       6%          1

Your spell library contained the following spells:

 Spells                   Type           Power      Damage    Failure   Level
 Call Imp                 Summ           4%         N/A       9%          2
 Searing Ray              Conj           8%         2d4       9%          2
 Agony                    Necr           27%        N/A       9%          5
 Call Canine Familiar     Summ           4%         N/A       17%         3
 Mephitic Cloud           Conj/Pois/Air  4%         N/A       17%         3
 Portal Projectile        Hex/Tloc       8%         N/A       17%         3
 Fulminant Prism          Conj/Hex       2%         3d6       45%         4
 Leda's Liquefaction      Hex/Erth       2%         N/A       47%         4


Dungeon Overview and Level Annotations

Branches:
Dungeon (6/15)              Sewer (visited)
 Temple: D:4-7

Altars:
Dithmenos
Gozag
Kikubaaqudgha
Makhleb
Sif Muna
Trog
Vehumet
Xom

Annotations:
D:4 Grinder


Innate Abilities, Weirdness & Mutations

You have a pair of small antennae on your head.
You are surrounded by a mild repulsion field. (EV +2)
You sometimes gain power by taking damage.


Message History

You hit the water moccasin.
The water moccasin is almost dead.
You feel sick. The water moccasin bites you. x2
* * * LOW HITPOINT WARNING * * *
You are lethally poisoned!
The water moccasin poisons you!
Casting: Vampiric Draining (safe; 1% risk of failure)
Confirm with . or Enter, or press ? or * to list all spells.
You don't have enough magic to cast this spell.
Casting: Vampiric Draining (safe; 1% risk of failure)
Confirm with . or Enter, or press ? or * to list all spells.
Aiming: Necrotise (safe; 1% risk of failure)
Press: ? - help, Shift-Dir - straight line, f/p - water moccasin
Aim: a water moccasin (almost dead, chance to affect: 83%)
The water moccasin writhes in agony!
You kill the water moccasin!
The dead are slithering!
* * * LOW HITPOINT WARNING * * *
You feel very sick.
Your Evocations skill increases to level 2!
* * * LOW HITPOINT WARNING * * *
You feel very sick.
* * * LOW HITPOINT WARNING * * *
You feel sick.
* * * LOW HITPOINT WARNING * * *
You feel sick.
Your water moccasin zombie barely misses the black bear.
Found a pair of runed gloves.
Your reaping aura is weakening.
* * * LOW HITPOINT WARNING * * *
You feel sick.
Your water moccasin zombie bites the black bear.
* * * LOW HITPOINT WARNING * * *
You feel sick.
Your water moccasin zombie barely misses the black bear.
Your water moccasin zombie closely misses the black bear.
Why would you want to do that?
* * * LOW HITPOINT WARNING * * *
You feel sick.
You die...

#.# ## #.## .. #..## .#
### ##...#####.### ..#
#...........[# #.#
##......§§...###
#.#######.§≈≈≈§≈≈≈§≈....
#.##.........Zh....≈.#
.....####..≈.≈≈≈@≈.≈.#
...### #..≈.≈...≈.≈.#
#..# ##.§§≈._.≈.§.# #..#
#§§§≈...≈§§§..# ...#
..≈.≈≈≈≈≈§≈.#.# ##.#
#..≈......§§§# # #.#
...≈≈≈≈≈≈≈§≈.# #.#
........... ...........


You could see a black bear (ally target) and a friendly water moccasin zombie.

Vanquished Creatures
  Pikel (D:4)
  Sigmund (D:2)
  A water moccasin (D:6)
  Pargi (Sewer)
  A phantom (D:5)
  2 scorpions
  A howler monkey (D:5)
  An orc priest (D:4)
  An iguana (D:5)
  2 river rats (D:4)
  5 adders
  4 worms (D:4)
  3 dart slugs
  4 orcs
  8 endoplasms
  6 giant cockroaches
  6 hobgoblins
  8 jackals
  4 quokkas
  5 ball pythons
  8 bats
  6 frilled lizards
  11 goblins
  6 kobolds
  19 rats
115 creatures vanquished.

Vanquished Creatures (collateral kills)
  An orc wizard (D:4)
  A dart slug (D:2)
  An orc (D:4)
  An endoplasm (D:4)
  A quokka (D:4)
  A kobold (D:1)
  6 rats
12 creatures vanquished.

Grand Total: 127 creatures vanquished

Notes
Turn   | Place    | Note
-------+----------+-------------------------------------------
     0 | D:1      | gobodom the Demonspawn Necromancer began the quest for the
                  | Orb.
     0 | D:1      | Reached XP level 1. HP: 13/13 MP: 3/3
   439 | D:1      | Gained mutation: You are surrounded by a mild repulsion
                  | field. (EV +2) [demonic ancestry]
   439 | D:1      | Reached XP level 2. HP: 19/19 MP: 1/5
   802 | D:1      | Reached skill level 5 in Necromancy
   941 | D:1      | Reached XP level 3. HP: 24/24 MP: 2/6
  1980 | D:2      | Noticed Sigmund
  2126 | D:2      | Learned a level 3 spell: Vampiric Draining
  2268 | D:2      | Gained mutation: You sometimes gain a little power by
                  | taking damage. [demonic ancestry]
  2268 | D:2      | Reached XP level 4. HP: 30/30 MP: 4/8
  2906 | D:2      | Killed Sigmund
  2907 | D:2      | Reached skill level 1 in Staves
  2907 | D:2      | Reached skill level 1 in Fire Magic
  2907 | D:2      | Reached skill level 1 in Evocations
  2907 | D:2      | Gained mutation: You sometimes gain power by taking damage.
                  | [demonic ancestry]
  2907 | D:2      | Reached XP level 5. HP: 34/35 MP: 0/10
  3108 | D:3      | Gained mutation: You have a pair of small antennae on your
                  | head. [demonic ancestry]
  3108 | D:3      | Reached XP level 6. HP: 33/41 MP: 2/11
  3259 | D:3      | Found a shadowy altar of Dithmenos.
  4203 | D:4      | Found a glowing drain.
  4223 | Sewer    | Entered a sewer
  4461 | Sewer    | Noticed Pargi
  4470 | Sewer    | Killed Pargi
  4471 | Sewer    | Reached skill level 6 in Necromancy
  4666 | D:4      | Noticed Grinder
  4672 | D:4      | Reached skill level 1 in Shields
  4707 | D:4      | Reached XP level 7. HP: 31/47 MP: 1/13
  5042 | D:4      | Noticed Pikel
  5052 | D:4      | Killed Pikel
  5053 | D:4      | Reached skill level 5 in Spellcasting
  5053 | D:4      | Reached skill level 7 in Necromancy
  5125 | D:4      | Found an opulent altar of Gozag.
  5147 | D:4      | Found a burning altar of Makhleb.
  5209 | D:4      | Learned a level 4 spell: Animate Dead
  5457 | D:5      | Entered Level 5 of the Dungeon
  5701 | D:5      | Found a shimmering altar of Xom.
  5769 | D:5      | Reached skill level 1 in Fighting
  5769 | D:5      | Reached XP level 8. HP: 37/54 MP: 5/15
  5770 | D:5      | Found an ancient bone altar of Kikubaaqudgha.
  5775 | D:5      | Found a shimmering blue altar of Sif Muna.
  5776 | D:5      | Found a radiant altar of Vehumet.
  5779 | D:5      | Got Kikubaaqudgha's Book of Exhumation
  6422 | D:5      | Learned a level 1 spell: Magic Dart
  7065 | D:6      | Found a bloodstained altar of Trog.
  7101 | D:6      | HP: 2/54 [poisoned by a water moccasin]
  7104 | D:6      | Succumbed to a water moccasin's poison

Illustrated notes

Levels and vault maps discovered:
D:1:      beargit_arrival_greenhouse, layout_loops_corners
D:2:      layout_basic, uniq_sigmund
D:3:      layout_basic, mainiacjoe_overflow_chevrons, minmay_misc_feat_ornament,
          minmay_misc_feat_doors, minmay_rat_hole
D:4:      layout_rooms, zin_academy, nicolae_overflow_hidden_temple,
          gup_sewer_entry_bubbles, uniq_grinder, uniq_pikel
D:5:      layout_gridville, grunt_temple_overflow_magic_moments,
          lemuel_round_altar
D:6:      layout_loops_corners, mainiacjoe_overflow_concentric_impassable,
          nicolae_ashenzari_panopticon

Skill      XL: |  1  2  3  4  5  6  7  8 |
---------------+-------------------------+-----
Dodging        | 2 3 |  3.1
Necromancy     | 5 6 7 |  7.2
Spellcasting   | 3 4 5 |  5.4
Staves         | 1 2 |  2.9
Stealth        | 2 |  2.9
Fire Magic     | 1 |  1.3
Evocations     | 1 2 |  2.0
Shields        | 1 |  1.6
Fighting       | 1 |  1.4
Unarmed Combat | |  0.2
Conjurations   | |  0.1

Action                   |  1- 3 |  4- 6 |  7- 9 || total
-------------------------+-------+-------+-------++-------
Melee: Unarmed           |    40 |       |       ||    40
       Staff             |       |   120 |   115 ||   235
       Punch             |       |     3 |     1 ||     4
 Cast: Necrotise         |    71 |    42 |     9 ||   122
       Vampiric Draining |     1 |    27 |    10 ||    38
       Animate Dead      |       |       |     5 ||     5
       Magic Dart        |       |       |    20 ||    20
  Use: Scroll            |       |     3 |     1 ||     4
       Potion            |       |       |     1 ||     1
 Stab: Distracted        |       |     1 |       ||     1
       Sleeping          |       |     6 |     2 ||     8
Armor: Robe              |     7 |    14 |     8 ||    29
Dodge: Dodged            |    53 |   113 |    61 ||   227
Block: Other             |    12 |    40 |    23 ||    75
       Reflection        |       |       |     1 ||     1

Table legend: (Time is in decaauts)
 A = Elapsed time spent in this place.
 B = Non-inter-level travel time spent in this place.
 C = Inter-level travel time spent in this place.
 D = Time resting spent in this place.
 E = Time spent auto-exploring this place.
 F = Levels seen in this place.
 G = Mean time per level.
                   A        B        C        D        E       F      G
               +--------+--------+--------+--------+--------+-----+--------+
         Total |   7162 |   6928 |    234 |    791 |   4647 |   7 | 1023.1 |
       Dungeon |   6741 |   6507 |    234 |    531 |   4609 |   6 | 1123.5 |
         Sewer |    421 |    421 |      0 |    260 |     38 |   1 |  421.0 |
               +--------+--------+--------+--------+--------+-----+--------+

Top non-repeatable levels by time:
     D:5: 1590 daAuts
     D:2: 1582 daAuts
     D:1: 1457 daAuts
     D:3: 1326 daAuts
     D:4: 722 daAuts
   Sewer: 421 daAuts
     D:6: 62 daAuts
